 Dungeon Crawl Stone Soup version 0.24-a0-520-g8fd06ad0bc (webtiles) character file.

Game seed: 9912396460824310918

9227 roadtolairDD the Cleaver (level 11, 72/100 HPs)
             Began as a Deep Dwarf Fighter on July 25, 2019.
             Was a Priest of Elyvilon.
             Quit the game on level 1 of the Lair of Beasts.
             The game lasted 00:18:19 (7206 turns).

roadtolairDD the Cleaver (Deep Dwarf Fighter)       Turns: 7206, Time: 00:18:20

Health: 72/100     AC: 20    Str: 24    XL:     11   Next: 20%
Magic:  10/10      EV:  7    Int:  8    God:    Elyvilon [***...]
Gold:   254        SH: 12    Dex: 12    Spells: 10/10 levels left

rFire    . . .     SeeInvis +   y - +0 war axe (elec)
rCold    . . .     Gourm    .   c - +0 shield
rNeg     + . .     Faith    .   B - +2 chain mail {rN+}
rPois    .         Spirit   .   g - +2 helmet
rElec    .         Reflect  .   d - +0 cloak
rCorr    .         Harm     .   j - +0 pair of gloves
MR       +....                  h - +0 pair of boots
Stlth    ..........             (no amulet)
HPRegen  0.00/turn              v - ring of see invisible
MPRegen  0.12/turn              (no ring)

@: non-regenerating
A: damage resistance, heal wounds, sense surroundings 2, no regeneration
a: Heal Wounds, Lesser Healing, Heal Other, Purification, Divine Protection,
Renounce Religion


You were on level 1 of the Lair of Beasts.
You worshipped Elyvilon.
Elyvilon was most pleased with you.
You were very hungry.

You visited 2 branches of the dungeon, and saw 10 of its levels.

You collected 456 gold pieces.
You spent 202 gold pieces at shops.

Inventory:

Hand Weapons
 y - a +0 war axe of electrocution (weapon)
Missiles
 s - 27 poisoned darts (quivered)
Armour
 c - a +0 shield (worn)
 d - a +0 cloak (worn)
 g - a +2 helmet (worn)
 h - a +0 pair of boots (worn)
 j - a +0 pair of gloves (worn)
 B - a +2 chain mail of positive energy (worn)
Jewellery
 i - an uncursed ring of wizardry {unknown}
 v - a ring of see invisible (left hand)
 F - an uncursed amulet of regeneration {unknown}
Wands
 n - a wand of iceblast (3)
Scrolls
 f - 2 scrolls of magic mapping {@r5 !r}
 D - a scroll of remove curse {@r2}
 E - 2 scrolls of immolation
 G - a scroll of torment {unknown}
 H - 2 scrolls of identify {@r1}
Potions
 a - a potion of lignification {unknown}
 b - 2 potions of resistance {unknown}
 k - a potion of ambrosia {unknown}
 m - 3 potions of agility {@q5 !q}
 o - 2 potions of flight {unknown}
 p - a potion of degeneration {unknown}
 q - 3 potions of berserk rage {unknown}
 r - a potion of haste {@q4 !q}
 u - 2 potions of heal wounds {@q2 !q}
 w - 2 potions of cancellation {unknown}
 z - a potion of invisibility {unknown}
 A - 2 potions of mutation {unknown}
 C - 2 potions of magic {unknown}
Comestibles
 e - 18 rations


   Skills:
 + Level 7.2 Fighting
 * Level 11.5 Axes
 + Level 8.8 Armour
 + Level 8.8 Shields
 + Level 7.7 Invocations


You had 10 spell levels left.
You didn't know any spells.
Your spell library contained the following spells:

 Spells                   Type           Power        Failure   Level  Hunger
 Animate Skeleton         Necr           N/A          99%         1    ##.....
 Apportation              Tloc           #.....       99%         1    ##.....
 Confusing Touch          Hex            #.....       99%         1    ##.....
 Summon Small Mammal      Summ           #...         99%         1    ##.....
 Confuse                  Hex            #.......     100%        3    ####...
 Gell's Gravitas          Tloc           #.........   100%        3    ####...
 Petrify                  Tmut/Erth      #.......     100%        4    #####..
 Metabolic Englaciation   Hex/Ice        #.........   100%        5    ######.
 Yara's Violent Unravell  Hex/Tmut       #.........   100%        5    ######.


Dungeon Overview and Level Annotations

Branches:
Dungeon (9/15)             Temple (0/1) D:7            Lair (1/6) D:9
    Orc: D:9-12

Altars:
Dithmenos
Elyvilon
Gozag
Hepliaklqana
Nemelex Xobeh
Okawaru
Qazlal
Trog
Vehumet
Wu Jian
Xom
Yredelemnul
Zin
The Shining One

Shops:
D:5 [

Annotations:
D:7 1 runed translucent door, icckedyourdad's ghost, novice TrMo


Innate Abilities, Weirdness & Mutations

You are resistant to damage.
You can heal yourself by infusing magical energy.
You passively map the area around you.
You do not regenerate.


Message History

You feel yourself slow down.
You enter the shallow water.
Moving in this stuff is going to be slow.
Your magical contamination has completely faded away.
m - 3 potions of agility {@q5 !q} (gained 1) Some of the chunks of flesh in your inventory have rotted away.
You feel a little less agile now.
Some of the chunks of flesh in your inventory have rotted away.
There is an open door here.
There is an open door here.
You enter the shallow water.
Moving in this stuff is going to be slow.
You enter the shallow water.
Moving in this stuff is going to be slow.
Some of the chunks of flesh in your inventory have rotted away.
You see here a +0 morningstar.
There is a stone staircase leading up here.
Key pressed, stopping explore.
Some of the chunks of flesh in your inventory have rotted away.
Found 14 arrows.
E - 2 scrolls of immolation (gained 1)
Found a glowing golden altar of the Shining One.
Some of the chunks of flesh in your inventory have rotted away.
You now have 235 gold pieces (gained 14).
Found a scroll of random uselessness.
No target in view!
No target in view!
You see here a scroll of random uselessness.
Found a chain mail.
Found an orc skeleton.
Found 11 arrows.
You see here an orc skeleton.
You now have 246 gold pieces (gained 11).
Items here: )) [[ a dagger; a robe; a dagger; a robe You see here 11 arrows.
Things that are here:
a shortbow; 16 arrows
Found a stone staircase leading down.
All of the chunks of flesh in your inventory have rotted away.
Found a hazy altar of Hepliaklqana.
There is an open door here.
There is an open door here.
You open the door.
You see here a robe.
You are feeling hungry.
You open the door.
There is an open door here.
You now have 254 gold pieces (gained 8).
e - 13 rations (gained 1)
e - 14 rations (gained 1)
e - 16 rations (gained 2)
e - 18 rations (gained 2)
There is an open door here.
You see here a robe.
You enter the shallow water.
Moving in this stuff is going to be slow.
You enter the shallow water.
Moving in this stuff is going to be slow.
You enter the shallow water.
Moving in this stuff is going to be slow.
You enter the shallow water.
Moving in this stuff is going to be slow.
You enter the shallow water.
Moving in this stuff is going to be slow.
Key pressed, stopping explore.
Things that are here:
a +0 dire flail; a +0 plate armour You see here an arbalest.
You enter the shallow water.
Moving in this stuff is going to be slow.
You enter the shallow water.
Moving in this stuff is going to be slow.
Partly explored, can't reach some places.
Partly explored, can't reach some places.
Partly explored, can't reach some places.
(D) Dungeon (T) Temple (L) Lair
Where to? (Enter - D:9, ? - help)
What level of the Lair of Beasts? (default 1, ? - help)
You are feeling very hungry.
(D) Dungeon (T) Temple (L) Lair
Where to? (Enter - Lair:1, ? - help)
You see here an arbalest.
Things that are here:
a +0 dire flail; a +0 plate armour
There is an open door, spattered with blood here.
There is a staircase to the Lair, spattered with blood here.
You climb downwards.
Welcome to the Lair of Beasts! 5 wolves come into view.
The wolf howls! x3
Found a dagger and 13 bolts.
There is a staircase back to the Dungeon here.
Unknown command.
You are a level 11 Deep Dwarf Fighter.
You are 20% of the way to level 12.
Play time: 00:17:28 (7206 turns) Quiver which item? (- for none, * to show all) (? for menu, Esc to quit)
Okay, then.
Quiver which item? (- for none, * to show all) (? for menu, Esc to quit)
Okay, then.
Are you sure you want to abandon this character and quit the game? (Confirm with "yes".)

* * ** *,
***#.# #..
, * (., ,
..# ,
.###+#..#
, , ,
#h....#.#
, *
,#.....h.#
, *
#.h.h...#
, ,
#.#.....#
,
#.P..@..#
,
#..h....#
,
#..####.##
##, , .. *
, * ### *
, , , * *
, , , , ,,
* ,, *


You could see 5 wolves.

Vanquished Creatures
  2 two-headed ogres
  Pikel (D:9)
  Maurice (D:8)
  Psyche (D:8)
  2 trolls (D:9)
  2 hornets (D:9)
  9 yaks
  A steam dragon (D:8)
  A hungry ghost (D:8)
  2 soldier ants (D:9)
  A porcupine (D:9)
  4 orc warriors
  4 sky beasts
  4 phantoms
  2 ice beasts
  A centaur (D:9)
  3 ogres
  5 bullfrogs
  A water moccasin zombie (D:6)
  4 scorpions
  4 killer bees (D:8)
  9 wights
  A howler monkey (D:6)
  4 crimson imps
  3 jellies
  A bullfrog zombie (D:7)
  4 hounds
  5 orc priests
  A bullfrog skeleton (D:7)
  A gnoll shaman (D:6)
  3 iguanas
  8 orc wizards
  Jessica (D:3)
  6 worker ants
  2 hound zombies (D:7)
  A hound skeleton (D:8)
  11 adders
  11 gnolls
  A shadow imp (D:9)
  2 oozes
  4 adder zombies
  2 adder skeletons (D:4)
  3 worms
  3 dart slugs
  6 leopard geckos
  46 orcs
  5 bats
  3 giant cockroaches (D:2)
  12 goblins
  7 hobgoblins
  17 jackals
  3 quokkas
  2 ball pythons (D:1)
  6 frilled lizards
  9 kobolds
  A leopard gecko skeleton (D:6)
  A quokka zombie (D:7)
  11 rats
  A fungus (D:9)
  3 plants (D:9)
275 creatures vanquished.

Vanquished Creatures (others)
  A wizard (D:4)
  2 slaves (D:9)
  A centaur (D:9)
  An orc priest (D:9)
  2 orc wizards (D:9)
  2 fungi (D:9)
  2 withered plants (D:7)
11 creatures vanquished.

Grand Total: 286 creatures vanquished

Notes
Turn   | Place    | Note
-------+----------+-------------------------------------------
     0 | D:1      | roadtolairDD the Deep Dwarf Fighter began the quest for the
                  | Orb.
     0 | D:1      | Reached XP level 1. HP: 20/20 MP: 1/1
   253 | D:1      | Reached XP level 2. HP: 25/27 MP: 2/2
   769 | D:2      | Reached skill level 3 in Axes
   771 | D:2      | Reached XP level 3. HP: 27/34 MP: 3/3
   787 | D:2      | Found a stormy altar of Qazlal.
  1357 | D:2      | Found an iron altar of Okawaru.
  1365 | D:2      | Reached XP level 4. HP: 26/42 MP: 4/4
  1533 | D:3      | Found a faded altar of an unknown god.
  1637 | D:3      | Noticed Jessica
  1645 | D:3      | Killed Jessica
  1646 | D:3      | Reached skill level 4 in Axes
  1646 | D:3      | Reached XP level 5. HP: 43/49 MP: 5/5
  2130 | D:4      | Reached XP level 6. HP: 40/57 MP: 6/6
  2176 | D:4      | Reached skill level 5 in Axes
  2215 | D:4      | Reached XP level 7. HP: 46/64 MP: 5/5
  2280 | D:4      | Found a bloodstained altar of Trog.
  2281 | D:4      | Noticed a wizard
  2287 | D:4      | Killed a wizard
  2407 | D:5      | Entered Level 5 of the Dungeon
  2461 | D:5      | Found Onna's Antique Armour Boutique.
  2483 | D:5      | Reached skill level 5 in Armour
  2504 | D:5      | Reached skill level 5 in Shields
  2527 | D:5      | Reached skill level 6 in Axes
  2534 | D:5      | Bought a runed chain mail for 202 gold pieces
  2560 | D:5      | Found a shadowy altar of Dithmenos.
  2655 | D:6      | Found an ornate altar of the Wu Jian Council.
  2719 | D:6      | Found a shimmering altar of Xom.
  2830 | D:6      | Found a shimmering altar of Xom.
  2869 | D:6      | Found a radiant altar of Vehumet.
  2869 | D:6      | Found a basalt altar of Yredelemnul.
  2869 | D:6      | Found a white marble altar of Elyvilon.
  2869 | D:6      | Found a glowing silver altar of Zin.
  2875 | D:6      | Reached XP level 8. HP: 57/73 MP: 6/6
  2883 | D:6      | Reached skill level 7 in Axes
  2899 | D:6      | Found a sparkling altar of Nemelex Xobeh.
  2900 | D:6      | Found a shadowy altar of Dithmenos.
  2911 | D:6      | Became a worshipper of Elyvilon the Healer
  3058 | D:5      | Reached skill level 1 in Invocations
  3181 | D:5      | Reached * piety under Elyvilon
  4116 | D:6      | Reached skill level 5 in Fighting
  4278 | D:7      | Reached skill level 8 in Axes
  4308 | D:7      | Gained mutation: You passively map the area around you.
                  | [Deep Dwarf growth]
  4308 | D:7      | Reached XP level 9. HP: 55/81 MP: 8/8
  4372 | D:7      | Found a staircase to the Ecumenical Temple.
  4452 | D:7      | Found a runed translucent door.
  4452 | D:7      | Noticed icckedyourdad's ghost (novice TrMo)
  4532 | D:7      | Found a shimmering altar of Xom.
  4746 | D:7      | Found a basalt altar of Yredelemnul.
  4844 | D:8      | Noticed Maurice
  4869 | D:8      | Reached skill level 9 in Axes
  4878 | D:8      | Killed Maurice
  4893 | D:8      | Reached ** piety under Elyvilon
  5243 | D:8      | Reached skill level 5 in Invocations
  5376 | D:8      | Noticed Psyche
  5376 | D:8      | Noticed a two-headed ogre
  5694 | D:8      | Killed a two-headed ogre
  5694 | D:8      | Reached skill level 10 in Axes
  5694 | D:8      | Reached XP level 10. HP: 51/91 MP: 10/10
  5748 | D:8      | Found an opulent altar of Gozag.
  5899 | D:8      | Killed Psyche
  5929 | D:9      | Reached *** piety under Elyvilon
  6260 | D:9      | Noticed Pikel
  6266 | D:9      | Killed Pikel
  6266 | D:9      | Reached skill level 11 in Axes
  6553 | D:9      | Reached XP level 11. HP: 73/100 MP: 10/10
  6580 | D:9      | Found a staircase to the Lair.
  6615 | D:9      | Noticed a two-headed ogre
  6659 | D:9      | Killed a two-headed ogre
  6793 | D:9      | Found a glowing golden altar of the Shining One.
  6913 | D:9      | Found a hazy altar of Hepliaklqana.
  7205 | Lair:1   | Entered Level 1 of the Lair of Beasts
  7206 | Lair:1   | Quit the game

Levels and vault maps discovered:
D:1:      doesnt_arrival_eight_statues, layout_loops_ring
D:2:      layout_basic, nicolae_overflow_crystal_walls, okawaru_gym_becter,
          corexii_item_surrounded_by_moat
D:3:      layout_rooms, chequers_ecumenical_altar_island, uniq_jessica
D:4:      layout_cave_pools, trog_wizard
D:5:      layout_cave_pools, first_ration, serial_shops, shop, glass_columns_c,
          grunt_dithmenos_shadows, uniq_crazy_yiuf_cottage
D:6:      layout_loops_corners, xom_teletrap_fun, marbit_many_paths,
          minmay_overflow_temple_hex, basic_altar, minmay_strange_pillars
D:7:      layout_rooms, minmay_temple_entry_stoned_glass, gammafunk_ghost_grave,
          basic_altar, yredelemnul_altar_generic
D:8:      layout_loops_corners, nicolae_gozag_seed_capital, serial_glass,
          glass_columns_a, glass_columns_a, uniq_maurice, uniq_psyche
D:9:      layout_loops_ring, gammafunk_temple_overflow_statue,
          grunt_lair_entry_orc_guard_hut, serial_rivers,
          chequers_serial_rivers_marsh, chequers_serial_rivers_room_a,
          chequers_serial_rivers_micro_a, chequers_serial_rivers_large_a,
          hangedman_pestilent_swarm, uniq_pikel
Lair:1:   layout_roguey, lemuel_another_geyser

Skill      XL: |  1  2  3  4  5  6  7  8  9 10 |
---------------+-------------------------------+-----
Axes           | 3 4 5 6 8 10 11 | 11.5
Fighting       | 3 4 5 6 7 |  7.2
Shields        | 4 5 6 7 8 |  8.8
Armour         | 4 5 6 7 8 |  8.8
Invocations    | 3 5 7 |  7.7

Action                   |  1- 3 |  4- 6 |  7- 9 | 10-12 || total
-------------------------+-------+-------+-------+-------++-------
Melee: War axe           |   144 |   165 |   501 |   211 ||  1021
Throw: Dart              |       |     2 |     2 |     2 ||     6
Invok: Lesser Healing    |       |       |    10 |     7 ||    17
 Abil: Heal Wounds       |       |     5 |     9 |     7 ||    21
Evoke: Wand              |       |       |     2 |       ||     2
  Use: Scroll            |       |     3 |     9 |     2 ||    14
       Potion            |       |     1 |     1 |     5 ||     7
  Eat: Chunk             |     2 |     3 |    13 |     3 ||    21
       Ration            |       |       |     6 |     1 ||     7
Armor: Scale mail        |    67 |    61 |       |       ||   128
       Chain mail        |       |    47 |   259 |    98 ||   404
Dodge: Dodged            |    50 |    51 |   111 |    54 ||   266
Block: Shield            |    61 |   118 |   280 |   115 ||   574

Table legend:
 A = Non-vault XP
 B = Vault XP
 C = Vault XP percentage of total XP
 D = Non-vault monster count
 E = Vault monster count
 F = Vault count percentage of total count
                 A         B        C        D         E       F
            +---------+---------+-------+---------+---------+-------
      Total |   10518 |    2664 |  20.2 |     257 |      14 |   5.2
            +---------+---------+-------+---------+---------+-------
        D:1 |      34 |       0 |   0.0 |      18 |       0 |   0.0
        D:2 |      63 |       0 |   0.0 |      30 |       0 |   0.0
        D:3 |      80 |      37 |  31.6 |      29 |       1 |   3.3
        D:4 |     554 |       0 |   0.0 |      26 |       0 |   0.0
        D:5 |     406 |     118 |  22.5 |      27 |       1 |   3.6
        D:6 |     911 |       1 |   0.1 |      22 |       1 |   4.3
        D:7 |    1362 |       0 |   0.0 |      40 |       0 |   0.0
        D:8 |    3469 |     802 |  18.8 |      33 |       2 |   5.7
        D:9 |    3639 |    1706 |  31.9 |      32 |       9 |  22.0
            +---------+---------+-------+---------+---------+-------
